 Dungeon Crawl Stone Soup version bcrawl-1.40.1 (webtiles) character file.

Game seed: 2079728541383923224

426730 LaBretonne the Summoner (level 11, -24/95 HPs)
             Began as an Ent Summoner on Oct 28, 2023.
             Was a High Priest of Cheibriados.
             Annihilated by a very large slime creature (40 damage)
             ... on level 10 of the Dungeon.
             The game lasted 00:47:32 (8901 turns).

LaBretonne the Summoner (Ent Summoner)              Turns: 8901, Time: 00:47:33

Health: -24/95     AC: 18    Str: 29    XL:     11   Next: 44%
Magic:  0/25       EV: 14    Int: 30    God:    Cheibriados [*****.]
Gold:   881        SH:  0    Dex: 26    Spells: 14/31 levels left

rFire    . . .     GDR:     42% H - staff of wizardry
rCold    . . .     SeeInvis .   (no shield)
rNeg     + + +     Gourm    .   (armour unavailable)
rPois    +         Faith    .   (helmet restricted)
rElec    +         Spirit   .   g - scarf {clouds}
rCorr    .         Reflect  .   (gloves unavailable)
MR       +....     Clarity  +   (boots unavailable)
Stlth    +++.......             (no amulet)
HPRegen  0.25/turn              u - ring of insulation
MPRegen  0.19/turn              m - ring of Ureog Kyap {+Fly Dex+4}

@: very slow
A: large, slow actions, passwall, strong branches, negative energy resistance 3,
poison resistance, slow metabolism 1, torment resistance, unbreathing, AC +18
a: Passwall, Bend Time, Defer, Temporal Distortion, Step From Time, Renounce
Religion, Evoke Fog, Evoke Flight


You were on level 10 of the Dungeon.
You worshipped Cheibriados.
Cheibriados was extremely pleased with you.
You were not hungry.

You visited 1 branch of the dungeon, and saw 10 of its levels.

You collected 881 gold pieces.

Inventory:

Missiles
 B - a throwing net {=f}
Armour
 d - a +0 cloak
 g - a scarf of clouds (worn)
Magical Staves
 H - an uncursed staff of wizardry (weapon)
Jewellery
 f - a +5 ring of strength
 m - the ring of Ureog Kyap (right hand) {+Fly Dex+4}
   (You found it on level 2 of the Dungeon)

   [ring of flight]

   It affects your dexterity (+4).
   It lets you fly.
 p - an uncursed ring of stealth
 u - a ring of insulation (left hand)
 F - the cursed ring of Obsession {Ice -Tele Str+5}
   (You found it on level 8 of the Dungeon)

   [ring of ice]

   It enhances your ice magic.
   It affects your strength (+5).
   It makes you vulnerable to fire.
   It protects you from cold.
   It prevents most forms of teleportation.
   It has a curse placed upon it.
 I - the ring "Reup" {Ice Dex+4, unknown}
   (You found it on level 9 of the Dungeon)

   [ring of ice]

   It enhances your ice magic.
   It affects your dexterity (+4).
   It makes you vulnerable to fire.
   It protects you from cold.
Wands
 t - a wand of digging (11)
 z - a wand of iceblast (14)
 A - a wand of flame (28)
 G - a wand of charming (7)
 K - a wand of acid (4)
Scrolls
 b - 4 scrolls of teleportation {unknown}
 i - 6 scrolls of identify
 l - 3 scrolls of fear
 n - 3 scrolls of remove curse
 q - 3 scrolls of noise {unknown}
 s - a scroll of vulnerability {unknown}
 w - a scroll of amnesia {unknown}
 y - 2 scrolls of immolation {unknown}
 E - 2 scrolls of blinking
 J - a scroll of fog {unknown}
 L - a scroll of enchant weapon {unknown}
Potions
 a - 6 potions of agility
 c - 2 potions of haste {unknown}
 h - a potion of invisibility
 j - a potion of mutation {unknown}
 k - a potion of heal wounds {unknown}
 o - 5 potions of curing
 r - 2 potions of brilliance
 v - 2 potions of flight {unknown}
 x - a potion of lignification {unknown}
 C - 4 potions of magic {unknown}
 D - 2 potions of might {unknown}
Comestibles
 e - 17 rations {!d}


   Skills:
 + Level 4.1 Dodging
 + Level 3.8 Stealth
 + Level 10.6 Spellcasting
 * Level 11.2 Summonings
 + Level 0.1 Ice Magic
 + Level 2.5 Air Magic
 * Level 8.0 Invocations


You had 14 spell levels left.
You knew the following spells:

 Your Spells              Type           Power        Failure   Level  Hunger
a - Call Canine Familiar  Summ           ######..     1%          3    None
b - Summon Ice Beast      Ice/Summ       ######..     1%          4    None
c - Summon Small Mammal   Summ           ####         1%          1    None
d - Call Imp              Summ           ######       1%          2    None
f - Summon Lightning Spi  Summ/Air       ######..     2%          5    ###....
z - Blink                 Tloc           N/A          1%          2    None

Your spell library contained the following spells:

 Spells                   Type           Power        Failure   Level  Hunger
 Magic Dart               Conj           ###.         1%          1    None
 Poisonous Vapours        Pois/Air       ###...       1%          2    None
 Mephitic Cloud           Conj/Pois/Air  ###.....     2%          3    None
 Conjure Flame            Conj/Fire      ###.....     4%          3    None
 Freezing Cloud           Ice/Air        ###.....     21%         5    ###....
 Steam Barrier            Chrm/Fire      ###.......   32%         5    ###....
 Spider Form              Tmut/Pois      Unusable     N/A         3    N/A

Dungeon Overview and Level Annotations

Branches:
Dungeon (10/12)            Temple (0/1) D:4            Lair (0/6) D:7
    Orc (0/1) D:9

Altars:
Cheibriados
Elyvilon
Gozag
Hepliaklqana
Lugonu
Makhleb
Okawaru
Uskayaw
Yredelemnul
Zin

Shops:
D:5 }   D:6 }   D:7 [

Portals:
Trove: D:9 (give +5 demon trident)


Innate Abilities, Weirdness & Mutations

You move and act slowly.
You can pass through walls and trees.
Your branches can wield two-handed weapons with a shield.
Your thick bark is tough. (AC +18)
You are too large for most types of armour.
You are immune to negative energy. (rN+++)
Your system is resistant to poisons. (rPois)
You have a slow metabolism.
You are immune to unholy pain and torment.
You can survive without breathing.


Message History

Confirm with . or Enter, or press ? or * to list all spells.
A beastly little devil appears in a puff of frigid air.
The large slime creature hits you but does no damage.
The large slime creature barely misses you.
Two slime creatures merge to form a very large slime creature.
You swap places.
The very large slime creature barely misses your white imp.
Your white imp gestures at the very large slime creature.
The puff of frost hits the very large slime creature!
The very large slime creature barely misses your white imp.
Your white imp barely misses the very large slime creature.
The very large slime creature hits your white imp!!
Your white imp dies!
The very large slime creature hits you!!
* * * LOW HITPOINT WARNING * * *
Casting: Call Imp (safe; 1% risk of failure)
Confirm with . or Enter, or press ? or * to list all spells.
A shadowy apparition takes form in the air.
The very large slime creature hits you!!!
You die...

#.#.. ## #.#.## .#
#######..## .#
#.......... .#.≈
#......#.##
###.#..≈#....#.#..)
... ...#..........
#5# ........#.....
#@# #.......#.####
#J# #.......(.# #
#.# #.......### #
#.# #.#####.# #
#.###.#####.# #
#........##.# #
#####.##.##.######
#.##.#........
#.......######


You could see a very large slime creature and a friendly shadow imp.

Vanquished Creatures
  A hobgoblin (D:7)
  A jackal (D:3)
  A rat (D:1)
3 creatures vanquished.

Vanquished Creatures (collateral kills)
  Erica (D:8)
  A two-headed ogre (D:10)
  A wolf spider zombie (D:10)
  A cyclops (D:10)
  Pikel (D:8)
  A manticore (D:6)
  A deep elf mage (D:8)
  An ugly thing (D:8)
  3 komodo dragons
  2 guardian mummies (D:9)
  2 trolls (D:7)
  3 slime creatures (D:10)
  Prince Ribbit (D:8)
  2 hippogriffs
  Sigmund (D:6)
  A black mamba skeleton (D:10)
  A shadow (D:8)
  2 hungry ghosts (D:9)
  A water moccasin (D:8)
  2 orc warriors
  4 ice beasts
  3 sky beasts
  2 slaves (D:8)
  3 phantoms
  A necrophage (D:10)
  6 ogres
  3 bullfrogs
  3 centaurs
  A water moccasin zombie (D:5)
  A troll zombie (D:9)
  8 wights
  2 howler monkeys (D:7)
  4 orc priests
  2 crimson imps (D:10)
  5 hounds
  Crazy Yiuf (D:7)
  2 jellies (D:6)
  A bullfrog skeleton (D:4)
  3 orc wizards
  An iguana (D:4)
  8 worker ants
  5 ogre zombies (D:9)
  2 hound zombies
  A hound skeleton (D:7)
  A worker ant zombie (D:6)
  4 adders
  9 gnolls
  2 shadow imps
  An ooze (D:5)
  An adder zombie (D:5)
  An adder skeleton (D:4)
  6 worms
  3 dart slugs
  6 leopard geckos
  24 orcs
  A ball python (D:1)
  3 giant cockroaches
  13 goblins
  16 hobgoblins
  6 jackals
  15 kobolds
  3 quokkas
  A ball python skeleton (D:4)
  3 bats
  4 frilled lizards
  A goblin skeleton (D:9)
  3 goblin zombies (D:9)
  A hobgoblin zombie (D:9)
  2 orc skeletons (D:9)
  12 orc zombies (D:9)
  A quokka skeleton (D:6)
  6 rats
250 creatures vanquished.

Vanquished Creatures (others)
  4 plants (D:7)
4 creatures vanquished.

Grand Total: 257 creatures vanquished

Notes
Turn   | Place    | Note
-------+----------+-------------------------------------------
     0 | D:1      | LaBretonne the Ent Summoner began the quest for the Orb.
     0 | D:1      | Reached XP level 1. HP: 18/18 MP: 3/3
   207 | D:1      | Reached XP level 2. HP: 26/26 MP: 3/5
   224 | D:1      | Learned a level 2 spell: Call Imp
   753 | D:1      | Reached XP level 3. HP: 33/33 MP: 3/7
  1180 | D:2      | Learned a level 3 spell: Call Canine Familiar
  1275 | D:2      | Reached skill level 4 in Summonings
  1699 | D:2      | Reached XP level 4. HP: 42/42 MP: 4/9
  1825 | D:2      | Got a warped platinum ring
  2091 | D:3      | Found a snail-covered altar of Cheibriados.
  2110 | D:3      | Became a worshipper of Cheibriados the Contemplative
  2171 | D:3      | Found a hazy altar of Hepliaklqana.
  2434 | D:3      | Reached XP level 5. HP: 45/49 MP: 2/11
  2434 | D:3      | Identified the ring of Ureog Kyap {+Fly Dex+4} (You found
                  | it on level 2 of the Dungeon)
  2989 | D:4      | Found a staircase to the Ecumenical Temple.
  3047 | D:4      | Reached skill level 5 in Summonings
  3100 | D:4      | Noticed a phantom
  3130 | D:4      | Killed a phantom
  3131 | D:4      | Reached skill level 1 in Invocations
  3131 | D:4      | Reached XP level 6. HP: 57/57 MP: 10/12
  3185 | D:4      | Found a burning altar of Makhleb.
  3224 | D:4      | Reached * piety under Cheibriados
  3250 | D:4      | Reached skill level 5 in Spellcasting
  3471 | D:5      | Entered Level 5 of the Dungeon
  3471 | D:5      | Found Xiuqenao's Gadget Emporium.
  3481 | D:5      | Reached XP level 7. HP: 64/64 MP: 13/15
  3679 | D:5      | Reached skill level 6 in Summonings
  4066 | D:6      | Found a white marble altar of Elyvilon.
  4067 | D:6      | Found a corrupted altar of Lugonu.
  4068 | D:6      | Found a basalt altar of Yredelemnul.
  4068 | D:6      | Noticed a hippogriff
  4086 | D:6      | Killed a hippogriff
  4087 | D:6      | Reached XP level 8. HP: 69/72 MP: 2/17
  4135 | D:6      | Found an opulent altar of Gozag.
  4165 | D:6      | Found an iron altar of Okawaru.
  4201 | D:6      | Reached skill level 7 in Summonings
  4464 | D:6      | Reached ** piety under Cheibriados
  4569 | D:6      | Noticed Sigmund
  4571 | D:6      | Noticed a manticore
  4575 | D:6      | Killed Sigmund
  4594 | D:6      | Killed a manticore
  4595 | D:6      | Reached skill level 8 in Summonings
  4595 | D:6      | Reached XP level 9. HP: 14/79 MP: 6/20
  4601 | D:6      | Learned a level 5 spell: Summon Lightning Spire
  4742 | D:6      | Found Ticrocwa's Gadget Boutique.
  5330 | D:7      | Noticed a komodo dragon
  5331 | D:7      | Found a staircase to the Lair.
  5332 | D:7      | Noticed a komodo dragon
  5343 | D:7      | Killed a komodo dragon
  5349 | D:7      | Killed a komodo dragon
  5350 | D:7      | Reached skill level 9 in Summonings
  5350 | D:7      | Reached skill level 5 in Invocations
  5435 | D:7      | Found Yrit's Armour Boutique.
  5652 | D:7      | Noticed a troll
  5656 | D:7      | Reached *** piety under Cheibriados
  5659 | D:7      | Killed a troll
  5660 | D:7      | Reached skill level 1 in Air Magic
  5729 | D:7      | Found a hide-covered altar of Uskayaw.
  5875 | D:7      | Learned a level 2 spell: Blink
  5907 | D:7      | Noticed a troll
  5926 | D:7      | Killed a troll
  6211 | D:7      | Reached XP level 10. HP: 72/88 MP: 5/22
  6728 | D:7      | Found a runed door.
  6732 | D:7      | Noticed Crazy Yiuf
  6738 | D:7      | Killed Crazy Yiuf
  6755 | D:7      | Got an encrusted mace
  6756 | D:7      | Identified the +1 mace of Nealag {crush, MP-9 Int+6} (You
                  | found it on level 7 of the Dungeon)
  6762 | D:7      | Learned a level 4 spell: Summon Ice Beast
  6828 | D:8      | Reached **** piety under Cheibriados
  7040 | D:8      | Noticed Erica
  7046 | D:8      | Noticed Pikel
  7063 | D:8      | Killed Pikel
  7070 | D:8      | Killed Erica
  7071 | D:8      | Reached skill level 10 in Summonings
  7128 | D:8      | Got a scorched granite ring
  7129 | D:8      | Identified the cursed ring of Obsession {Ice -Tele Str+5}
                  | (You found it on level 8 of the Dungeon)
  7224 | D:8      | Noticed a deep elf mage
  7229 | D:8      | Killed a deep elf mage
  7230 | D:8      | Noticed a purple ugly thing
  7240 | D:8      | Killed a purple ugly thing
  7268 | D:8      | Noticed Prince Ribbit
  7275 | D:8      | Killed Prince Ribbit
  7540 | D:9      | Found a staircase to the Orcish Mines.
  7567 | D:9      | Reached skill level 10 in Spellcasting
  7623 | D:9      | Reached ***** piety under Cheibriados
  7735 | D:9      | Reached XP level 11. HP: 95/95 MP: 19/25
  7779 | D:9      | Got a bound platinum ring
  8064 | D:9      | Found a portal to a secret trove of treasure.
  8335 | D:9      | Found a burning altar of Makhleb.
  8335 | D:9      | Found a glowing silver altar of Zin.
  8336 | D:9      | Noticed an angel
  8336 | D:9      | Noticed a green death
  8546 | D:10     | Entered Level 10 of the Dungeon
  8640 | D:10     | Noticed a two-headed ogre
  8643 | D:10     | Noticed a cyclops
  8654 | D:10     | Killed a cyclops
  8658 | D:10     | Killed a two-headed ogre
  8659 | D:10     | Reached skill level 11 in Summonings
  8901 | D:10     | Annihilated by a very large slime creature

Skill      XL: |  1  2  3  4  5  6  7  8  9 10 11 |
---------------+----------------------------------+-----
Spellcasting   | 3 4 5 6 7 8 10 | 10.6
Summonings     | 4 5 6 8 9 10 11 | 11.2
Invocations    | 1 2 4 5 7 8 |  8.0
Stealth        | 3 |  3.8
Dodging        | 2 3 4 |  4.1
Air Magic      | 1 2 |  2.5
Ice Magic      | |  0.1

Action                   |  1- 3 |  4- 6 |  7- 9 | 10-12 || total
-------------------------+-------+-------+-------+-------++-------
Melee: Unarmed           |     2 |     7 |     3 |     1 ||    13
       Mace              |       |       |       |     1 ||     1
 Cast: Summon Small Mamm |    26 |     9 |    11 |     2 ||    48
       Call Imp          |    32 |    20 |    48 |    45 ||   145
       Call Canine Famil |     7 |    20 |    35 |    27 ||    89
       Summon Lightning  |       |       |    11 |    17 ||    28
       Summon Ice Beast  |       |       |       |     4 ||     4
Invok: Bend Time         |       |       |     5 |     4 ||     9
       Temporal Distorti |       |       |       |     3 ||     3
       Defer             |       |       |       |     1 ||     1
  Use: Scroll            |     2 |     2 |     1 |     1 ||     6
       Potion            |       |     2 |     2 |     1 ||     5
  Eat: Chunk             |     5 |     9 |    10 |     4 ||    28
       Ration            |       |       |       |     4 ||     4
Armor: Skin              |    39 |    21 |   110 |    89 ||   259
Dodge: Dodged            |    43 |    23 |   109 |   116 ||   291
